 Dungeon Crawl Stone Soup version 0.30-a0-760-g5a9884bb7c (webtiles) character file.

Game seed: 3426187955570171554

699 BigDaddyOpFi the Chiller (level 7, -4/27 HPs)
             Began as a Felid Ice Elementalist on Feb 10, 2023.
             Shot with a bolt by an orc warrior (14 damage)
             ... on level 6 of the Dungeon.
             The game lasted 00:13:19 (7451 turns).

BigDaddyOpFi the Chiller (Felid Ice Elementalist)   Turns: 7451, Time: 00:13:20

Health: -4/27      AC:  2    Str:  5    XL:     7   Next: 38%
Magic:  19/25      EV: 17    Int: 21    God:
Gold:   258        SH:  0    Dex: 15    Spells: 7/17 levels left
                                        Lives:  0   Deaths: 2

rFire   . . .      SeeInvis +    (weapon unavailable)
rCold   + . .      Faith    .    (shield unavailable)
rNeg    . . .      Spirit   .    (body armour unavailable)
rPois   .          Reflect  .    (helmet unavailable)
rElec   .          Harm     .    (cloak unavailable)
rCorr   .          Rampage  .    (gloves unavailable)
Will    +....      Clarity  +    (boots unavailable)
Stlth   ++         Rnd*Tele +    k - amulet of regeneration
HPRegen 1.04/turn                h - ring of magical power
MPRegen 0.19/turn                w - ring of protection from cold

@: freezing walls, quick
A: very small, claws 1, fangs 3, see invisible, speed 1, shaggy fur 2, stealthy
paws, no weapons or thrown items, no armour, multi-lived, clarity, clever 1,
teleportitis 1
a: no special abilities


You were on level 6 of the Dungeon.
You visited 1 branch of the dungeon, and saw 6 of its levels.

You collected 258 gold pieces.

Inventory:

Jewellery
 h - a ring of magical power (left paw)
 k - an amulet of regeneration (around neck)
 s - a ring of protection from fire
 w - a ring of protection from cold (right paw)
Wands
 v - a wand of acid (6)
Scrolls
 b - a scroll of blinking
 c - a scroll of amnesia
 j - 2 scrolls of noise
Potions
 a - 2 potions of magic
 e - a potion of invisibility
 g - 2 potions of heal wounds
 i - 2 potions of brilliance
 o - 3 potions of might
 r - 2 potions of degeneration
 t - a potion of flight
 u - a potion of curing


   Skills:
 - Level 3.1 Dodging
 - Level 3.1 Stealth
 + Level 5.8 Spellcasting
 + Level 5.1 Conjurations
 + Level 6.6 Ice Magic


You had 7 spell levels left.
You knew the following spells:

 Your Spells              Type           Power      Damage    Failure   Level
a - Freeze                Ice            100%       1d10      1%          1
b - Magic Dart            Conj           100%       1d8       1%          1
c - Frozen Ramparts       Ice            66%        1d10      1%          3
d - Searing Ray           Conj           54%        2d6       1%          2
e - Ozocubu's Armour      Ice            33%        N/A       1%          3

Your spell library contained the following spells:

 Spells                   Type           Power      Damage    Failure   Level
 Necrotise                Necr           24%        1d5       10%         1
 Cigotuvi's Dreadful Rot  Necr/Pois/Air  12%        N/A       16%         2
 Poisonous Vapours        Pois/Air       12%        N/A       16%         2
 Mephitic Cloud           Conj/Pois/Air  13%        N/A       16%         3
 Summon Ice Beast         Ice/Summ       20%        N/A       26%         4
 Vampiric Draining        Necr           6%         2d6       30%         3
 Fulminant Prism          Conj/Hex       8%         3d7       34%         4
 Agony                    Necr           6%         N/A       95%         5


Dungeon Overview and Level Annotations

Branches:
Dungeon (6/15)             Temple (0/1) D:5

Altars:
Gozag
Nemelex Xobeh
Ru
Sif Muna
Uskayaw

Shops:
D:2 =   D:6 ==


Innate Abilities, Weirdness & Mutations

You have sharp claws.
You have razor-sharp teeth.
You have supernaturally acute eyesight. (SInv)
You cover ground quickly. (Speed+)
You are covered in thick fur. (AC +2)
Your paws help you pounce on unaware monsters.
You are incapable of wielding weapons or throwing items.
You cannot wear armour.
You gain extra lives every three experience levels.
You possess an exceptional clarity of mind.
Your mind is acute. (Int +4, Str/Dex -1)
You are occasionally teleported next to monsters.


Message History

Casting: Frozen Ramparts (safe; 1% risk of failure)
Confirm with . or Enter, or press ? or * to list all spells.
Aiming: Freeze (safe; 1% risk of failure)
Press: ? - help, Shift-Dir - straight line, f - orc wizard
Aim: an orc wizard, wielding a +0 dagger and wearing a +0 robe (lightly wounded)
You freeze the orc wizard.
The orc wizard is heavily wounded.
The wall freezes the orc warrior but does no damage.
The orc warrior barely misses you.
The wall freezes the orc wizard but does no damage.
The orc wizard hits you with a +0 dagger.
* * * LOW HITPOINT WARNING * * *
The wall freezes the orc!
You kill the orc!
Casting: Freeze (safe; 1% risk of failure)
Confirm with . or Enter, or press ? or * to list all spells.
Aiming: Freeze (safe; 1% risk of failure)
Press: ? - help, Shift-Dir - straight line, f/p - orc wizard
Aim: an orc wizard, wielding a +0 dagger and wearing a +0 robe (heavily wounded)
You freeze the orc wizard!
You kill the orc wizard!
The wall freezes the orc warrior but does no damage.
The orc warrior unwields a +0 halberd.
The orc warrior wields a +0 arbalest.
The orc warrior shoots a bolt.
The bolt completely misses you.
Casting: Freeze (safe; 1% risk of failure)
Confirm with . or Enter, or press ? or * to list all spells.
You can't see any susceptible monsters within range! (Use Z to cast anyway.)
Casting: Freeze (safe; 1% risk of failure)
Confirm with . or Enter, or press ? or * to list all spells.
Aiming: Magic Dart (safe; 1% risk of failure)
Press: ? - help, Shift-Dir - straight line, f - orc warrior
Aim: an orc warrior, wielding a +0 arbalest and wearing a +0 chain mail (moderately wounded, 100% to hit)
The magic dart hits the orc warrior but does no damage.
The orc warrior is moderately wounded.
The wall freezes the orc!
You kill the orc!
The wall freezes the orc warrior.
The orc warrior shoots a bolt.
The bolt hits you!
Ouch! That really hurt!
You die...

.....###.###### #......#
...8.# #.# ###....#
.....###.# #....# ...8..##.#
#..>.# #........## #....#
..........# #....#
#.........# #....#
##........##################
##.............@)oo....
#.......##############
#.......# #.......#
#.......# #########


You could see an orc warrior and an orc.

Vanquished Creatures
  A steam dragon (D:6)
  2 ice beasts
  A black bear (D:5)
  An ogre (D:3)
  A phantom (D:4)
  A necrophage (D:6)
  2 jellies
  2 scorpions
  An electric eel (D:6)
  2 hounds (D:5)
  4 orc priests
  3 iguanas
  Jessica (D:2)
  An orc wizard (D:6)
  Robin (D:3)
  4 gnolls (D:5)
  4 adders
  A shadow imp (D:6)
  2 worms
  A dart slug (D:3)
  21 orcs
  13 ball pythons
  10 bats
  6 endoplasms
  4 giant cockroaches
  18 hobgoblins
  4 jackals (D:5)
  11 kobolds
  6 quokkas
  5 frilled lizards
  15 goblins
  8 rats
157 creatures vanquished.

Vanquished Creatures (others)
  12 plants
12 creatures vanquished.

Grand Total: 169 creatures vanquished

Notes
Turn   | Place    | Note
-------+----------+-------------------------------------------
     0 | D:1      | BigDaddyOpFi the Felid Ice Elementalist began the quest for
                  | the Orb.
     0 | D:1      | Reached XP level 1. HP: 7/7 MP: 4/4
   269 | D:1      | Reached XP level 2. HP: 11/11 MP: 4/6
  1196 | D:2      | Found Nerch's Jewellery Shop.
  1230 | D:2      | Reached XP level 3. HP: 12/14 MP: 1/7
  1319 | D:2      | Noticed Jessica
  1330 | D:2      | Killed Jessica
  1331 | D:2      | Reached skill level 1 in Conjurations
  1331 | D:2      | Reached skill level 4 in Ice Magic
  1507 | D:2      | Reached XP level 4. HP: 7/18 MP: 1/9
  2346 | D:3      | Found a shimmering blue altar of Sif Muna.
  2565 | D:3      | Noticed Robin
  2587 | D:3      | Killed Robin
  2588 | D:3      | Reached XP level 5. HP: 13/21 MP: 10/10
  2837 | D:3      | Found a sacrificial altar of Ru.
  2951 | D:3      | Noticed an ogre
  2957 | D:3      | Killed an ogre
  3015 | D:3      | Learned a level 1 spell: Magic Dart
  3019 | D:3      | Learned a level 3 spell: Frozen Ramparts
  3099 | D:4      | Gained mutation: You are covered in thick fur. (AC +2)
                  | [Felid growth]
  3099 | D:4      | Reached XP level 6. HP: 12/24 MP: 12/12
  3571 | D:4      | Reached skill level 5 in Ice Magic
  4031 | D:4      | Noticed an ice beast
  4061 | D:4      | Killed an ice beast
  4337 | D:4      | Found an opulent altar of Gozag.
  4337 | D:4      | Found a sparkling altar of Nemelex Xobeh.
  4415 | D:4      | Reached XP level 7. HP: 15/27 MP: 14/14
  4766 | D:4      | Learned a level 2 spell: Searing Ray
  4785 | D:5      | Entered Level 5 of the Dungeon
  5133 | D:5      | Found a staircase to the Ecumenical Temple.
  5431 | D:5      | Splashed by a jelly's acid
  5432 | D:5      | Reached XP level 6. HP: -3/24 MP: 16/23
  5450 | D:5      | Noticed an ice beast
  5466 | D:5      | Killed an ice beast
  5646 | D:5      | Reached skill level 5 in Spellcasting
  5647 | D:5      | Reached XP level 7. HP: 10/27 MP: 15/15
  5854 | D:5      | Reached skill level 6 in Ice Magic
  6445 | D:5      | Noticed a troll
  6467 | D:5      | Slain by an ogre
  6468 | D:5      | Reached XP level 6. HP: -2/24 MP: 15/23
  6560 | D:6      | Found Anuat Goe's Jewellery Shoppe.
  6771 | D:6      | Found Asaer's Jewellery Boutique.
  6808 | D:6      | Gained mutation: You possess an exceptional clarity of
                  | mind. [potion of mutation]
  6808 | D:6      | Gained mutation: You are occasionally teleported next to
                  | monsters. [potion of mutation]
  6808 | D:6      | Gained mutation: Your mind is acute. (Int +4, Str/Dex -1)
                  | [potion of mutation]
  6817 | D:6      | Learned a level 3 spell: Ozocubu's Armour
  6938 | D:6      | Noticed a steam dragon
  6947 | D:6      | Killed a steam dragon
  6948 | D:6      | Reached skill level 5 in Conjurations
  6948 | D:6      | Reached XP level 7. HP: 24/27 MP: 13/16
  7322 | D:6      | Found a hide-covered altar of Uskayaw.
  7451 | D:6      | Shot with a bolt by an orc warrior

Illustrated notes

Levels and vault maps discovered:
D:1:      minmay_arrival_cross, layout_basic
D:2:      minmay_thinvault, layout_basic, serial_shops, shop, uniq_jessica
D:3:      layout_basic, nicolae_overflow_crystal_walls,
          mainiacjoe_overflow_cross_hatched, uniq_robin
D:4:      layout_gridville, grunt_temple_overflow_opulence, serial_bayou_pond_a,
          minmay_goblin_kobold_house
D:5:      layout_gridville, kennysheep_okawaru_gauntlet,
          minmay_temple_entry_overgrown, minmay_manual_mandibuliform
D:6:      layout_rooms, eat_drink_and_be_merry_uskayaw, serial_shops, shop,
          nicolae_take_the_stairs, kennysheep_flooded_box

Skill      XL: |  1  2  3  4  5  6  7 |
---------------+----------------------+-----
Dodging        | 3 |  3.1
Stealth        | 3 |  3.1
Conjurations   | 1 2 5 |  5.1
Ice Magic      | 4 5 6 |  6.6
Spellcasting   | 3 5 |  5.8

Action                     |  1- 3 |  4- 6 |  7- 9 || total
---------------------------+-------+-------+-------++-------
  Melee: Unarmed           |    11 |    70 |     2 ||    83
         Bite              |     2 |     9 |       ||    11
         Punch             |       |     4 |       ||     4
   Cast: Freeze            |    52 |    95 |    34 ||   181
         Magic Dart        |       |    68 |    39 ||   107
         Frozen Ramparts   |       |    11 |     9 ||    20
         Searing Ray       |       |     4 |     5 ||     9
         Ozocubu's Armour  |       |     2 |       ||     2
    Use: Scroll            |     1 |    14 |       ||    15
         Potion            |       |     5 |       ||     5
   Stab: Sleeping          |       |     1 |       ||     1
 Armour: Skin              |    11 |    37 |     9 ||    57
  Dodge: Dodged            |    41 |   125 |    85 ||   251

Table legend: (Time is in decaauts)
 A = Elapsed time spent in this place.
 B = Non-inter-level travel time spent in this place.
 C = Inter-level travel time spent in this place.
 D = Time resting spent in this place.
 E = Time spent auto-exploring this place.
 F = Levels seen in this place.
 G = Mean time per level.
                   A        B        C        D        E       F      G
               +--------+--------+--------+--------+--------+-----+--------+
         Total |   6775 |   6728 |     47 |   2201 |   3228 |   6 | 1129.2 |
       Dungeon |   6775 |   6728 |     47 |   2201 |   3228 |   6 | 1129.2 |
               +--------+--------+--------+--------+--------+-----+--------+

Top non-repeatable levels by time:
     D:4: 1874 daAuts
     D:5: 1420 daAuts
     D:2: 1025 daAuts
     D:1: 994 daAuts
     D:6: 813 daAuts
     D:3: 649 daAuts
